[Event "ICC tourney 2434 (75 10)"]
[Site "Internet Chess Club"]
[Date "2021.03.06"]
[Round "2"]
[White "GINZBURG, LIORA:Liopleuradon15"]
[Black "Shan, Ethan:ethanshan"]
[Result "1-0"]
[ICCResult "Black checkmated"]
[WhiteElo "1443"]
[BlackElo "1492"]
[Opening "Réti v Dutch"]
[ECO "A04"]
[NIC "QP.11"]
[Time "16:31:49"]
[PlyCount "101"]
[TimeControl "4500+10"]

1. Nf3 f5 2. d4 Nf6 3. c4 g6 4. Nc3 Bg7 5. e3 O-O 6. Be2 d6 7. O-O a6 8.
Rb1 Qe8 9. h3 e5 10. Re1 e4 11. Nd2 c6 12. f3 g5 13. b4 exf3 14. Nxf3 g4
15. hxg4 fxg4 16. Nh2 g3 17. Nf1 Ne4 18. Nxe4 Qxe4 19. Qd3 Qh4 20. Bf3 Rf6
21. e4 Bh6 22. e5 Bf5 23. Be4 Bxe4 24. Qxe4 Qxe4 25. Rxe4 Re6 26. Bxh6 Rxh6
27. Nxg3 Nd7 28. Nf5 Re6 29. Nxd6 b5 30. Rg4+ Rg6 31. Rxg6+ hxg6 32. c5 a5
33. bxa5 Rxa5 34. Rf1 Rxa2 35. e6 Nf8 36. e7 Nh7 37. e8=Q+ Kg7 38. Qf7+ Kh6
39. Qxa2 b4 40. Qd2+ Kg7 41. Ne8+ Kg8 42. Nf6+ Kg7 43. Nxh7 Kxh7 44. Qxb4
Kh6 45. Qb8 Kh5 46. Rf3 Kg5 47. Qe5+ Kh6 48. g4 g5 49. Rf6+ Kg7 50. Qe7+
Kg8 51. Rf8# { Black checkmated } 1-0

[Event "ICC tourney 2434 (75 10)"]
[Site "Internet Chess Club"]
[Date "2021.03.06"]
[Round "2"]
[White "DAMERDJI, SALIM:dgream"]
[Black "SULTAN, BASHIR CISSE:muzikmixer"]
[Result "0-1"]
[ICCResult "White resigns"]
[WhiteElo "1422"]
[BlackElo "1577"]
[Opening "Queen's Pawn"]
[ECO "A41"]
[NIC "QO.17"]
[Time "16:32:27"]
[PlyCount "43"]
[TimeControl "4500+10"]

1. d4 d6 2. Bf4 c6 3. Nf3 Bg4 4. Nbd2 e6 5. e4 Nf6 6. Bd3 d5 7. e5 Nfd7 8.
h3 Bh5 9. g4 Bg6 10. Bxg6 hxg6 11. Ng5 Be7 12. Ndf3 Na6 13. c3 Nf8 14. Qe2
Nh7 15. Qe3 Nc7 16. Kd2 Nf8 17. h4 Nh7 18. h5 Nxg5 19. Nxg5 gxh5 20. gxh5
c5 21. dxc5 d4 22. Qd3 { White resigns } 0-1

[Event "ICC tourney 2434 (75 10)"]
[Site "Internet Chess Club"]
[Date "2021.03.06"]
[Round "2"]
[White "GIRISH, NIYATHI:missqueen"]
[Black "DALEY, EDWARD L:GoIrish"]
[Result "1-0"]
[ICCResult "Black resigns"]
[WhiteElo "1315"]
[BlackElo "1464"]
[Opening "French: Tarrasch, Guimard main line"]
[ECO "C04"]
[NIC "FR.15"]
[Time "16:32:27"]
[PlyCount "51"]
[TimeControl "4500+10"]

1. e4 e6 2. d4 d5 3. Nd2 Nc6 4. Ngf3 Nf6 5. e5 Nd7 6. c3 f6 7. exf6 Qxf6 8.
Nb3 Be7 9. Bg5 Qf7 10. Bxe7 Qxe7 11. Qd2 Nf6 12. O-O-O a5 13. a4 b6 14. Bb5
Bd7 15. Rhe1 Ne4 16. Qe3 O-O 17. Nbd2 Nxd2 18. Rxd2 Rae8 19. Rde2 Nd8 20.
Ne5 Bxb5 21. axb5 a4 22. Qd3 Qf7 23. Nxf7 Rxf7 24. f3 Ref8 25. Qc2 Rf6 26.
Qxa4 { Black resigns } 1-0

[Event "ICC tourney 2434 (75 10)"]
[Site "Internet Chess Club"]
[Date "2021.03.06"]
[Round "2"]
[White "WANG, YUANZHE:yogokings12"]
[Black "Pulijala, Akshaj:akshajp"]
[Result "0-1"]
[ICCResult "White resigns"]
[WhiteElo "1576"]
[BlackElo "1394"]
[Opening "Sicilian: Nimzovich-Rossolimo attack (without ...d6)"]
[ECO "B30"]
[NIC "SI.31"]
[Time "16:31:33"]
[PlyCount "98"]
[TimeControl "4500+10"]

1. e4 c5 2. Nf3 Nc6 3. Bb5 d6 4. O-O a6 5. Bxc6+ bxc6 6. Re1 e5 7. c4 Nf6
8. Nc3 Be7 9. d3 O-O 10. Bd2 Bg4 11. h3 Bh5 12. Qe2 Re8 13. Nd1 d5 14. exd5
cxd5 15. cxd5 Qxd5 16. Ne3 Bxf3 17. Nxd5 Bxe2 18. Nc7 Bxd3 19. Nxa8 Rxa8
20. Rxe5 Bd6 21. Ree1 c4 22. Rad1 Rb8 23. Bc3 Nd5 24. Bd4 Bb4 25. Re5 Nf4
26. Ba7 Rc8 27. a3 Bd6 28. Re3 h6 29. Rde1 Kh7 30. Re8 Rc6 31. Bb8 Bxb8 32.
Rxb8 Ne6 33. Kh2 Bc2 34. Rc1 Bd3 35. Rb7 Kg6 36. g4 f6 37. Re1 Rc7 38. Rxc7
Nxc7 39. Re7 Nd5 40. Rd7 Nb6 41. Rb7 Na4 42. f4 Nc5 43. Rc7 Nb3 44. f5+ Kh7
45. Kg3 Nd4 46. h4 h5 47. gxh5 Nxf5+ 48. Kg4 Nd4 49. Kf4 Ne6+ { White
resigns } 0-1

[Event "ICC tourney 2434 (75 10)"]
[Site "Internet Chess Club"]
[Date "2021.03.06"]
[Round "2"]
[White "CHARBONNIER, JAMES MICHAEL:Electryon"]
[Black "LI, EMMA:BulbasaurMaster"]
[Result "1-0"]
[ICCResult "Black resigns"]
[WhiteElo "1359"]
[BlackElo "1441"]
[Opening "English opening"]
[ECO "A20"]
[NIC "EO.24"]
[Time "16:31:32"]
[PlyCount "69"]
[TimeControl "4500+10"]

1. c4 e5 2. g3 Nf6 3. Bg2 Bc5 4. Nc3 O-O 5. e3 Nc6 6. Nge2 Re8 7. Ne4 Nxe4
8. Bxe4 d6 9. O-O f5 10. Bd5+ Be6 11. Bxe6+ Rxe6 12. d4 exd4 13. Nxd4 Rf6
14. b3 Qe8 15. Bb2 Bxd4 16. exd4 f4 17. Re1 Qg6 18. d5 Ne5 19. Bxe5 dxe5
20. Rxe5 Raf8 21. Qd4 fxg3 22. fxg3 Qc2 23. Qe4 Qf2+ 24. Kh1 Rh6 25. Qg2
Qd4 26. Rae1 Rf2 27. Re8+ Kf7 28. R1e7+ Kg6 29. Re6+ Kg5 30. Re5+ Rf5 31.
Rxf5+ Kxf5 32. Qf3+ Kg5 33. h4+ Rxh4+ 34. gxh4+ Qxh4+ 35. Kg2 { Black
resigns } 1-0

[Event "ICC tourney 2434 (75 10)"]
[Site "Internet Chess Club"]
[Date "2021.03.06"]
[Round "2"]
[White "XU, ANDY YUEDUO:sillytiger"]
[Black "ANDERSEN, JEFF C.:Paladin51"]
[Result "0-1"]
[ICCResult "White resigns"]
[WhiteElo "1449"]
[BlackElo "1524"]
[Opening "English, Kramnik-Shirov counterattack"]
[ECO "A21"]
[NIC "EO.23"]
[Time "16:31:37"]
[PlyCount "60"]
[TimeControl "4500+10"]

1. c4 e5 2. Nc3 Bb4 3. g3 Bxc3 4. bxc3 d6 5. Bg2 Ne7 6. d4 Nbc6 7. Nf3 O-O
8. O-O Rb8 9. a4 b6 10. Bb2 Ng6 11. Qc2 Na5 12. Nd2 Ba6 13. Qd3 Nxc4 14.
Nxc4 d5 15. dxe5 Bxc4 16. Qe3 Re8 17. Rfe1 Rxe5 18. Qd2 Qe7 19. e3 Re8 20.
Bh3 a5 21. f4 Rxe3 22. Rxe3 Qxe3+ 23. Qxe3 Rxe3 24. Rd1 Nxf4 25. gxf4 Rxh3
26. Re1 g6 27. Re8+ Kg7 28. Re7 Rd3 29. Ba3 Rd1+ 30. Kg2 Ra1 { White
resigns } 0-1

[Event "ICC tourney 2434 (75 10)"]
[Site "Internet Chess Club"]
[Date "2021.03.06"]
[Round "2"]
[White "SHAH, KAIVAL:kaivalshah"]
[Black "CAMPERS, WILLIE:BillietheKid"]
[Result "1-0"]
[ICCResult "Black resigns"]
[WhiteElo "1340"]
[BlackElo "1477"]
[Opening "QGD"]
[ECO "D52"]
[NIC "SL.06"]
[Time "16:31:39"]
[PlyCount "131"]
[TimeControl "4500+10"]

1. d4 d5 2. c4 e6 3. Nc3 c6 4. Nf3 Nf6 5. Bg5 Nbd7 6. e3 Bb4 7. Bd3 Qa5 8.
Qc2 a6 9. O-O b5 10. cxd5 cxd5 11. Ne2 Bb7 12. Rfc1 Rc8 13. Qb3 O-O 14. Bf4
Nh5 15. a3 Be7 16. Ng3 Nxf4 17. exf4 Qb6 18. Qd1 Qd6 19. Ne5 Rfd8 20. Bxh7+
Kf8 21. Bc2 Nxe5 22. fxe5 Qb6 23. Qh5 Ke8 24. Ne2 Rc7 25. Bd3 Rdc8 26. Rxc7
Rxc7 27. Qh8+ Bf8 28. Qh4 b4 29. a4 a5 30. b3 Ba6 31. Qg3 Bxd3 32. Qxd3 g6
33. f4 Bh6 34. g3 Bf8 35. Kf2 Rc6 36. Qd2 Qc7 37. Rc1 Be7 38. Rxc6 Qxc6 39.
Qc1 Kd7 40. Qxc6+ Kxc6 41. Ke3 g5 42. Kf3 f6 43. fxg5 fxe5 44. dxe5 Bxg5
45. Nd4+ Kd7 46. h4 Bc1 47. g4 Bb2 48. Ke3 Bc1+ 49. Kd3 Bf4 50. Nf3 Ke7 51.
Kd4 Bg3 52. h5 Bf2+ 53. Kd3 Kf7 54. Ng5+ Ke7 55. Nf3 Kf7 56. Ng5+ Ke7 57.
h6 Kf8 58. Nxe6+ Kg8 59. Nf4 Kh7 60. e6 Bh4 61. Nxd5 Kxh6 62. e7 Bxe7 63.
Nxe7 Kg5 64. Nc6 Kxg4 65. Nxa5 Kf4 66. Kc4 { Black resigns } 1-0

[Event "ICC tourney 2434 (75 10)"]
[Site "Internet Chess Club"]
[Date "2021.03.06"]
[Round "2"]
[White "Xiao, Marina:marinaxiao"]
[Black "ZHU, FLORINA:Florina12345"]
[Result "1/2-1/2"]
[ICCResult "Game drawn by repetition"]
[WhiteElo "1484"]
[BlackElo "1381"]
[Opening "Giuoco Piano"]
[ECO "C54"]
[NIC "IG.02"]
[Time "16:31:51"]
[PlyCount "125"]
[TimeControl "4500+10"]

1. e4 e5 2. Nf3 Nc6 3. Bc4 Bc5 4. c3 Nf6 5. d3 d6 6. a4 a6 7. O-O Ba7 8.
Nbd2 O-O 9. h3 Ne7 10. Re1 Ng6 11. Nf1 Be6 12. Bxe6 fxe6 13. Ng3 Re8 14. d4
exd4 15. cxd4 c5 16. Be3 cxd4 17. Nxd4 d5 18. exd5 Nxd5 19. Nc2 Nxe3 20.
Nxe3 Qf6 21. Qb3 Re7 22. Ne4 Qf8 23. Ng5 Rae8 24. Ng4 Qf5 25. Nf3 h5 26.
Nge5 Nxe5 27. Rxe5 Qg6 28. Rae1 Bb8 29. R5e4 Kh8 30. Nd4 e5 31. Nf3 Qf6 32.
Qd5 g5 33. R1e2 Qf5 34. Nd4 Qg6 35. Nb3 g4 36. R2e3 Ba7 37. Rg3 Rf8 38. Re2
Qf6 39. Nc5 Rc7 40. Ne4 Rc1+ 41. Kh2 Qf4 42. h4 Ra1 43. Nc5 Re8 44. Ne6 Qf6
45. Qxe5 Qxe5 46. Rxe5 Kg8 47. Rg5+ Kf7 48. Nc7 Ree1 49. Rd3 Bb8 50. Rd7+
Re7 51. Rf5+ Kg6 52. Rg5+ Kf6 53. Rd6+ Kf7 54. Rf5+ Kg8 55. Rd8+ Kg7 56.
Rg5+ Kf6 57. Rd6+ Kf7 58. Rf5+ Kg8 59. Rd8+ Kg7 60. Rg5+ Kf7 61. Rf5+ Kg6
62. Rg5+ Kf6 63. Rd6+ { Game drawn by repetition } 1/2-1/2

[Event "ICC tourney 2434 (75 10)"]
[Site "Internet Chess Club"]
[Date "2021.03.06"]
[Round "2"]
[White "Pendse, Vihaan:awakeprize"]
[Black "JACOBS, STEVE:Steviejay"]
[Result "0-1"]
[ICCResult "White resigns"]
[WhiteElo "1492"]
[BlackElo "1429"]
[Opening "Caro-Kann: advance variation"]
[ECO "B12"]
[NIC "CK.04"]
[Time "16:31:48"]
[PlyCount "94"]
[TimeControl "4500+10"]

1. e4 c6 2. d4 d5 3. e5 Bf5 4. f4 e6 5. Bd3 Bxd3 6. Qxd3 c5 7. c3 Nd7 8.
Nf3 Nh6 9. O-O Be7 10. Nbd2 O-O 11. h3 Rc8 12. g4 Kh8 13. f5 exf5 14. gxf5
cxd4 15. cxd4 Bg5 16. Nxg5 Qxg5+ 17. Kh2 Qh5 18. Nb3 Rc7 19. Bd2 Rfc8 20.
Rac1 Ng4+ 21. Kg2 Rxc1 22. Rxc1 Rxc1 23. Bxc1 Nh6 24. e6 fxe6 25. fxe6 Nf6
26. Nc5 b6 27. Nd7 Nf5 28. Nxf6 gxf6 29. Qf3 Nh4+ 30. Kg3 Nxf3 31. e7 Qf7
32. e8=Q+ Qxe8 33. Kxf3 Qe4+ 34. Kg3 Qe1+ 35. Kg4 Qxc1 36. Kf5 Kg7 37. h4
Qxb2 38. h5 Qxd4 39. a3 Qe5+ 40. Kg4 Kh6 41. a4 d4 42. Kf3 d3 43. a5 d2 44.
axb6 axb6 45. Kg2 Qe2+ 46. Kg3 Kxh5 47. Kf4 d1=Q { White resigns } 0-1

[Event "ICC tourney 2434 (75 10)"]
[Site "Internet Chess Club"]
[Date "2021.03.06"]
[Round "2"]
[White "TORCHINSKY-FIELD, IZZY:strongbear"]
[Black "SKARIAH, ANUSHKA ELIZABETH:kskariah"]
[Result "1/2-1/2"]
[ICCResult "Game drawn by mutual agreement"]
[WhiteElo "1300"]
[BlackElo "1375"]
[Opening "Nimzovich-Larsen attack: modern variation"]
[ECO "A01"]
[NIC "VO.08"]
[Time "16:31:48"]
[PlyCount "98"]
[TimeControl "4500+10"]

1. b3 e5 2. Bb2 Nc6 3. e3 Nf6 4. Bb5 d6 5. Nf3 Bd7 6. O-O Be7 7. d4 e4 8.
Nfd2 d5 9. Be2 Bd6 10. Ba3 Qe7 11. Bxd6 Qxd6 12. a3 Be6 13. c4 Ne7 14. Nc3
c6 15. c5 Qd7 16. b4 O-O 17. Qc2 Ne8 18. a4 f5 19. b5 g5 20. f3 Nf6 21. Qb1
Ng6 22. Qe1 Qc7 23. fxe4 dxe4 24. Bc4 Bxc4 25. Nxc4 Ng4 26. g3 Nh4 27. h3
Nf3+ 28. Rxf3 exf3 29. hxg4 fxg4 30. Qf2 Rae8 31. Ne5 Rxe5 32. dxe5 Qxe5
33. Rc1 Qxc5 34. e4 Qe5 35. Rc2 cxb5 36. axb5 Rc8 37. Qe1 h5 38. Kf2 h4 39.
Qe3 Qxg3+ 40. Kf1 Qh3+ 41. Kg1 f2+ 42. Kxf2 Qh2+ 43. Ke1 Qxc2 44. Qxg5+ Kf7
45. Qf5+ Kg7 46. Qg5+ Kf8 47. Qf6+ Ke8 48. Qe6+ Kd8 49. Qd6+ Ke8 { Game
drawn by mutual agreement } 1/2-1/2

[Event "ICC tourney 2434 (75 10)"]
[Site "Internet Chess Club"]
[Date "2021.03.06"]
[Round "2"]
[White "ZHUGE, KATHERINE:FlowingMelody"]
[Black "FLYNN, MICHAEL W:foxvalleychess"]
[Result "1/2-1/2"]
[ICCResult "Game drawn by mutual agreement"]
[WhiteElo "1385"]
[BlackElo "1481"]
[Opening "Sicilian: Anderssen variation"]
[ECO "B41"]
[NIC "SI.41"]
[Time "16:53:35"]
[PlyCount "78"]
[TimeControl "4500+10"]

1. e4 c5 2. Nf3 e6 3. d4 cxd4 4. Nxd4 Nf6 5. Nc3 a6 6. Be2 Qc7 7. O-O b5 8.
a3 Bb7 9. f3 Bc5 10. Kh1 O-O 11. Bg5 Be7 12. Qd2 Nc6 13. Nxc6 Bxc6 14. f4
d6 15. Bf3 Rfd8 16. Qf2 d5 17. e5 Ne4 18. Bxe4 dxe4 19. Bxe7 Qxe7 20. Rfe1
Qb7 21. Qe3 Rac8 22. Rac1 h6 23. Nxe4 Bxe4 24. Qxe4 Qxe4 25. Rxe4 Rxc2 26.
Ree1 Rdd2 27. Rxc2 Rxc2 28. b4 Ra2 29. h3 Rxa3 30. Rd1 Rb3 31. Rd4 Kf8 32.
Kh2 Ke7 33. h4 g6 34. Kg1 Rc3 35. Kf2 Ra3 36. Ke2 f6 37. Kf2 fxe5 38. fxe5
Rc3 39. Ke2 Rg3 { Game drawn by mutual agreement } 1/2-1/2

[Event "ICC tourney 2434 (75 10)"]
[Site "Internet Chess Club"]
[Date "2021.03.06"]
[Round "3"]
[White "CAMPERS, WILLIE:BillietheKid"]
[Black "CHARBONNIER, JAMES MICHAEL:Electryon"]
[Result "1-0"]
[ICCResult "Black resigns"]
[WhiteElo "1477"]
[BlackElo "1359"]
[Opening "French: advance, Euwe variation"]
[ECO "C02"]
[NIC "FR.03"]
[Time "20:03:08"]
[PlyCount "63"]
[TimeControl "4500+10"]

1. e4 e6 2. d4 d5 3. e5 c5 4. c3 Nc6 5. Nf3 Bd7 6. Be2 f6 7. Bd3 fxe5 8.
dxe5 Qc7 9. O-O O-O-O 10. Bf4 c4 11. Bc2 h6 12. b4 g5 13. Be3 Kb8 14. a4
Nxe5 15. Nxe5 Qxe5 16. Bd4 Qf4 17. Bxh8 Bd6 18. g3 Qf7 19. Bd4 h5 20. Nd2
h4 21. Nf3 hxg3 22. fxg3 g4 23. Ne5 Qh5 24. Qxg4 Qe8 25. Nf7 Nh6 26. Qg7
Nxf7 27. Qxf7 e5 28. Qxe8 Rxe8 29. Bc5 Bc7 30. Bf5 Bxf5 31. Rxf5 b6 32. Be3
{ Black resigns } 1-0

[Event "ICC tourney 2434 (75 10)"]
[Site "Internet Chess Club"]
[Date "2021.03.06"]
[Round "3"]
[White "MITRA, AHANA:lovechess1225"]
[Black "REMPE, LENNIK:Kokosnuss1000"]
[Result "1/2-1/2"]
[ICCResult "Game drawn by mutual agreement"]
[WhiteElo "1478"]
[BlackElo "1450"]
[Opening "Four knights: Italian variation"]
[ECO "C55"]
[NIC "IG.01"]
[Time "20:02:28"]
[PlyCount "60"]
[TimeControl "4500+10"]

1. e4 e5 2. Nf3 Nc6 3. Bc4 Nf6 4. Nc3 Nxe4 5. Nxe4 d5 6. Bxd5 Qxd5 7. Nc3
Qd6 8. d3 Bg4 9. h3 Bh5 10. Be3 Be7 11. a3 O-O 12. g4 Bg6 13. Qe2 Nd4 14.
Bxd4 exd4 15. Ne4 Bxe4 16. Qxe4 Rfe8 17. O-O Qf6 18. Qf5 Qh6 19. Kg2 Bd6
20. Rae1 g6 21. Qf6 Qf4 22. Qxf4 Bxf4 23. Nxd4 Bd2 24. Re2 Rxe2 25. Nxe2
Re8 26. Ng3 Re1 27. Rxe1 Bxe1 28. Kf3 Bd2 29. Ne2 Kg7 30. Ke4 Kf6 { Game
drawn by mutual agreement } 1/2-1/2

[Event "ICC tourney 2434 (75 10)"]
[Site "Internet Chess Club"]
[Date "2021.03.06"]
[Round "3"]
[White "SULTAN, BASHIR CISSE:muzikmixer"]
[Black "LAIDO, OLIVIA:beibeiolivia"]
[Result "1-0"]
[ICCResult "Black checkmated"]
[WhiteElo "1577"]
[BlackElo "1440"]
[Opening "English: three knights system"]
[ECO "A27"]
[NIC "EO.21"]
[Time "20:02:19"]
[PlyCount "79"]
[TimeControl "4500+10"]

1. c4 e5 2. Nc3 Nc6 3. Nf3 Bc5 4. e3 Nf6 5. a3 Be7 6. Qc2 d5 7. cxd5 Nxd5
8. b4 Bf6 9. Bb2 O-O 10. Nxd5 Qxd5 11. Bd3 g6 12. h4 Bg4 13. h5 Bxh5 14.
Rxh5 gxh5 15. Bxh7+ Kh8 16. Qf5 Qe6 17. Qxh5 Kg7 18. Bf5 Qxf5 19. Qxf5 Rh8
20. b5 Ne7 21. Qe4 Rab8 22. g4 Ng6 23. g5 Be7 24. Bxe5+ Nxe5 25. Qxe5+ Kh7
26. Qxe7 Kg7 27. Qf6+ Kg8 28. Ne5 Rf8 29. Ke2 Rh7 30. Rg1 Rg7 31. Rh1 Re8
32. Qh6 Kf8 33. Nd7+ Ke7 34. Qxg7 Kxd7 35. g6 Kd6 36. gxf7 Re7 37. Qd4+ Ke6
38. f8=Q Rf7 39. Rh6+ Kf5 40. Qf4# { Black checkmated } 1-0

[Event "ICC tourney 2434 (75 10)"]
[Site "Internet Chess Club"]
[Date "2021.03.06"]
[Round "3"]
[White "ZHU, FLORINA:Florina12345"]
[Black "JING, ANDREW:andrewj508"]
[Result "0-1"]
[ICCResult "White resigns"]
[WhiteElo "1381"]
[BlackElo "1312"]
[Opening "French: Winawer, classical variation"]
[ECO "C18"]
[NIC "FR.11"]
[Time "20:02:22"]
[PlyCount "116"]
[TimeControl "4500+10"]

1. e4 e6 2. d4 d5 3. Nc3 Bb4 4. e5 c5 5. a3 Bxc3+ 6. bxc3 Qc7 7. f4 Ne7 8.
Nf3 Nbc6 9. Be2 b6 10. O-O Bb7 11. dxc5 bxc5 12. Be3 Nd8 13. Bb5+ Bc6 14.
Bxc6+ Qxc6 15. Rb1 Nf5 16. Bf2 O-O 17. Qe2 a6 18. Nd2 Nb7 19. Rb2 Na5 20.
Rfb1 Rfc8 21. Rb6 Qa4 22. Nb3 Nxb3 23. R1xb3 Qxf4 24. g3 Qc1+ 25. Kg2 h6
26. Rxa6 Rxa6 27. Qxa6 Re8 28. Qc6 Rf8 29. Qxc5 Qxc2 30. Rb4 Qe2 31. a4 Kh7
32. a5 Ra8 33. Rb7 Kg8 34. Rb4 g5 35. c4 d4 36. Rb3 Ne3+ 37. Rxe3 dxe3 38.
Qxe3 Qxe3 39. Bxe3 Rxa5 40. c5 Kf8 41. Kf3 Ra2 42. h3 Ra3 43. Kf2 Ke8 44.
h4 gxh4 45. gxh4 h5 46. Kf3 Kd7 47. Kf4 Kc6 48. Bf2 Ra2 49. Be3 Re2 50. Bd4
Kd5 51. Be3 Re1 52. Kf3 Kxe5 53. Bf2 Rf1 54. Kg2 Ra1 55. Bg3+ Kd5 56. Bf2
Ra2 57. Kf3 Rxf2+ 58. Kxf2 Kxc5 { White resigns } 0-1

[Event "ICC tourney 2434 (75 10)"]
[Site "Internet Chess Club"]
[Date "2021.03.06"]
[Round "3"]
[White "Shan, Ethan:ethanshan"]
[Black "ALZATE, NIKOLAI:NikoAlzate"]
[Result "1-0"]
[ICCResult "Black resigns"]
[WhiteElo "1492"]
[BlackElo "1363"]
[Opening "Alekhine's defense: Scandinavian variation"]
[ECO "B02"]
[NIC "AL.10"]
[Time "20:02:21"]
[PlyCount "37"]
[TimeControl "4500+10"]

1. e4 Nf6 2. Nc3 d5 3. e5 d4 4. exf6 dxc3 5. fxe7 cxd2+ 6. Bxd2 Bxe7 7. Bd3
Be6 8. Nf3 Nc6 9. O-O Qd7 10. Bb5 O-O-O 11. Qe2 Bg4 12. Rad1 Bxf3 13. Qxf3
Qd5 14. Bxc6 Qxc6 15. Qxf7 Qxc2 16. Qxe7 Rxd2 17. Rc1 Rd7 18. Qxd7+ Kxd7
19. Rxc2 { Black resigns } 1-0

[Event "ICC tourney 2434 (75 10)"]
[Site "Internet Chess Club"]
[Date "2021.03.06"]
[Round "3"]
[White "PRADEEP, PRANAV:blitzstriker"]
[Black "Xia, Joshua:MathMonkey"]
[Result "0-1"]
[ICCResult "White checkmated"]
[WhiteElo "1445"]
[BlackElo "1383"]
[Opening "Ruy Lopez: Anderssen variation"]
[ECO "C77"]
[NIC "RL.12"]
[Time "20:02:23"]
[PlyCount "88"]
[TimeControl "4500+10"]

1. e4 e5 2. Nf3 Nc6 3. Bb5 a6 4. Ba4 Nf6 5. d3 b5 6. Bb3 Bc5 7. O-O O-O 8.
Bg5 d6 9. Bd5 Qe8 10. Bxf6 gxf6 11. Nh4 Kh8 12. Qf3 f5 13. Nxf5 Bxf5 14.
Qxf5 f6 15. Nd2 Nd4 16. Qg4 c6 17. Bb3 Nxb3 18. Nxb3 Bb6 19. Nd2 Rg8 20.
Qh3 Rg6 21. Nf3 Qf7 22. a4 b4 23. a5 Ba7 24. g3 Rag8 25. Qf5 Qg7 26. Kg2 h6
27. Qe6 f5 28. Qxf5 Rf8 29. Qh5 Rgf6 30. d4 Rxf3 31. Qxf3 Rxf3 32. Kxf3
Bxd4 33. Ra4 c5 34. b3 Qd7 35. Kg2 Qb5 36. Ra2 Qe2 37. h4 Qxe4+ 38. Kh3 Qe2
39. Kg2 e4 40. Rh1 Qf3+ 41. Kh3 Qxh1+ 42. Kg4 Qf3+ 43. Kh3 Bxf2 44. Ra1
Qxg3# { White checkmated } 0-1

[Event "ICC tourney 2434 (75 10)"]
[Site "Internet Chess Club"]
[Date "2021.03.06"]
[Round "3"]
[White "JACOBS, STEVE:Steviejay"]
[Black "WANG, YUANZHE:yogokings12"]
[Result "0-1"]
[ICCResult "White resigns"]
[WhiteElo "1429"]
[BlackElo "1576"]
[Opening "King's Indian: Torre attack"]
[ECO "A48"]
[NIC "QP.01"]
[Time "20:02:41"]
[PlyCount "114"]
[TimeControl "4500+10"]

1. d4 Nf6 2. Nf3 g6 3. Bg5 Bg7 4. Nbd2 d5 5. e3 O-O 6. Be2 c5 7. c3 Nc6 8.
O-O cxd4 9. exd4 Ne4 10. Bf4 Qb6 11. Qc1 Nxd2 12. Qxd2 Bg4 13. h3 Bxf3 14.
Bxf3 e6 15. Rfe1 Na5 16. Be2 Rac8 17. Rab1 Nc4 18. Bxc4 Rxc4 19. Kh1 Rfc8
20. Qe2 Qa5 21. a3 b5 22. Be5 Bxe5 23. Qxe5 Qc7 24. f4 Qxe5 25. fxe5 a5 26.
Kh2 b4 27. axb4 axb4 28. Ra1 bxc3 29. bxc3 Rxc3 30. Ra7 R3c7 31. Rxc7 Rxc7
32. Re2 Rc4 33. Rd2 Kf8 34. Kg3 Ke7 35. Kf4 h6 36. h4 Kd7 37. g4 Kc6 38.
Ke3 Rc3+ 39. Kf2 Rh3 40. Rc2+ Kd7 41. Kg2 Rd3 42. Rf2 Ke7 43. h5 Rxd4 44.
Kf3 Re4 45. Re2 Rxe2 46. Kxe2 g5 47. Kd3 Kd7 48. Kc3 Kc6 49. Kb4 d4 50. Kc4
d3 51. Kxd3 Kd5 52. Ke3 Kxe5 53. Kf3 f5 54. gxf5 exf5 55. Ke3 g4 56. Kf2
Kf4 57. Kg2 g3 { White resigns } 0-1

[Event "ICC tourney 2434 (75 10)"]
[Site "Internet Chess Club"]
[Date "2021.03.06"]
[Round "3"]
[White "Li, Jingtu Oscar:ZYCON"]
[Black "Xiao, Marina:marinaxiao"]
[Result "0-1"]
[ICCResult "White checkmated"]
[WhiteElo "1364"]
[BlackElo "1484"]
[Opening "King's Indian: Petrosian system, main line"]
[ECO "E93"]
[NIC "KI.12"]
[Time "20:02:29"]
[PlyCount "132"]
[TimeControl "4500+10"]

1. d4 Nf6 2. c4 g6 3. Nc3 Bg7 4. e4 d6 5. Nf3 O-O 6. Be2 e5 7. d5 Nbd7 8.
O-O Nc5 9. Qc2 a5 10. Be3 Nfd7 11. Nb5 f5 12. exf5 gxf5 13. Bg5 Nf6 14. a3
a4 15. Nd2 c6 16. Nc3 Qe8 17. Bxf6 Rxf6 18. h3 f4 19. Bf3 Bf5 20. Be4 Nxe4
21. Ndxe4 Rg6 22. Kh2 Rh6 23. Qe2 Qg6 24. Rae1 Bg4 25. f3 Bf5 26. Nf2 Qg3+
27. Kh1 Rf8 28. Ng4 Bxg4 29. fxg4 f3 30. Rxf3 Rxf3 31. Ne4 Qh4 32. gxf3
Qxh3+ 33. Kg1 Qh1+ 34. Kf2 Rh2+ 35. Kg3 Rh3+ 36. Kf2 Qh2+ 37. Kf1 Qf4 38.
Nxd6 Rh1+ 39. Kf2 Rh2+ 40. Kf1 Rxe2 41. Kxe2 Bh6 42. Kf2 Bg5 43. Ke2 Qe3+
44. Kf1 Qxf3+ 45. Kg1 Be3+ 46. Kh2 Qf2+ 47. Kh3 Qxe1 48. Kg2 Qg1+ 49. Kf3
Qf2+ 50. Ke4 Qf4+ 51. Kd3 Qd4+ 52. Ke2 Qxb2+ 53. Kxe3 Qxa3+ 54. Ke4 Qxd6
55. dxc6 bxc6 56. g5 a3 57. g6 a2 58. g7 a1=Q 59. Kf3 Qc3+ 60. Kg4 Qdd4+
61. Kh5 Qh3+ 62. Kg5 Qdg4+ 63. Kf6 Qh6+ 64. Ke7 Qgxg7+ 65. Kd8 Qd6+ 66. Kc8
Qdf8# { White checkmated } 0-1

[Event "ICC tourney 2434 (75 10)"]
[Site "Internet Chess Club"]
[Date "2021.03.06"]
[Round "3"]
[White "LI, EMMA:BulbasaurMaster"]
[Black "Pendse, Vihaan:awakeprize"]
[Result "0-1"]
[ICCResult "White resigns"]
[WhiteElo "1441"]
[BlackElo "1492"]
[Opening "Sicilian"]
[ECO "B56"]
[NIC "SI.25"]
[Time "20:02:23"]
[PlyCount "50"]
[TimeControl "4500+10"]

1. e4 c5 2. Nf3 Nc6 3. d4 cxd4 4. Nxd4 d6 5. Nc3 Nf6 6. Be3 g6 7. Bc4 Bg7
8. f3 Bd7 9. Qd2 a6 10. O-O-O b5 11. Bb3 Na5 12. Bd5 Nxd5 13. Nxd5 Nc4 14.
Qe2 Nxe3 15. Qxe3 h5 16. f4 e6 17. Nc3 e5 18. fxe5 Bh6 19. Qxh6 Rxh6 20.
exd6 Qg5+ 21. Kb1 Qxg2 22. Nd5 Kd8 23. Nb6 Rb8 24. Nxd7 Kxd7 25. e5 Re8 {
White resigns } 0-1

[Event "ICC tourney 2434 (75 10)"]
[Site "Internet Chess Club"]
[Date "2021.03.06"]
[Round "3"]
[White "Pulijala, Akshaj:akshajp"]
[Black "NEALE, MARK ROBERT:mrneale"]
[Result "1/2-1/2"]
[ICCResult "Game drawn by mutual agreement"]
[WhiteElo "1394"]
[BlackElo "1528"]
[Opening "Queen's Pawn"]
[ECO "A41"]
[NIC "QO.17"]
[Time "20:02:39"]
[PlyCount "79"]
[TimeControl "4500+10"]

1. d4 d6 2. Nc3 Nd7 3. e4 e5 4. Nf3 Be7 5. Be3 Ngf6 6. Bd3 O-O 7. Qd2 c6 8.
d5 c5 9. O-O Re8 10. b3 Nf8 11. Ne2 Bg4 12. Ne1 Ng6 13. Ng3 Bd7 14. f4 Ng4
15. f5 Nxe3 16. Qxe3 Nf4 17. Ne2 Bg5 18. Nxf4 Bxf4 19. Qe2 Qg5 20. Nf3 Qh6
21. Rae1 g6 22. g3 Bg5 23. Nxg5 Qxg5 24. fxg6 fxg6 25. Qe3 Qxe3+ 26. Rxe3
Rf8 27. Ref3 Rxf3 28. Rxf3 Rf8 29. Kf2 Rf7 30. Rxf7 Kxf7 31. Kf3 Kf6 32. h4
h5 33. c4 a5 34. Ke3 Ke7 35. a4 Kf6 36. Bc2 g5 37. Kf2 Bg4 38. Ke3 Kg6 39.
Kf2 Kh6 40. Ke3 { Game drawn by mutual agreement } 1/2-1/2